cohdb
Replays
Latest Replays
All Replays
Popular Replays
Top Player Replays
Match Explorer
How It Works
Community
CoH3 Stats
Reddit
Sign in to upload your games and track your stats! →
Sign in with Steam
Match 41612824
Unlisted
Match 41612824
Overview
Messages
Build Orders
End
Kradschützen Motorcycle Team
Selects Panzerjäger Kommand Battlegroup
250 Light Carrier
Panzergrenadier Squad
Construct Light Support Kompanie
Panzergrenadier Squad
Selects GrB 39 Grenade Launcher Requisition
MG34 Team
Fire Support Elements
Assault Mechanized Group
Flakvierling Half-track
Selects Mine Fields
Selects Defensive Positions
Veteran Squad Leaders
Panzergrenadier Squad
Selects Butterfly Bomb Drop
Butterfly Bomb Drop
Pak 38 Mechanized Group
Didier617
larrylesaint
BigTiddyLebron
kreumat
0
0
Comments
sign in to comment!
No comments posted yet!